 Dungeon Crawl Stone Soup version 0.31-a0-983-g7b6862f502 (webtiles) character file.

Game seed: 4137084937761437341

98 timneilson the Ruffian (level 4, -2/29 HPs)
             Began as an Octopode Shapeshifter on Nov 2, 2023.
             Slain by Grinder (4 damage)
             ... on level 3 of the Dungeon.
             The game lasted 00:03:03 (1510 turns).

timneilson the Ruffian (Octopode Shapeshifter)      Turns: 1510, Time: 00:03:04

Health: -2/29      AC:  1    Str: 15    XL:     4   Next: 71%
Magic:  5/5        EV: 13    Int: 12    God:
Gold:   172        SH:  0    Dex: 11    Spells: 4/4 levels left

rFire   . .          .
                       - Unarmed
rCold   . . .        (no shield)
rNeg    . . .        (helmet currently unavailable)
rPois   .            (no amulet)
rElec   .            (no ring)
rCorr   .            (no ring)
SInv    .            (no ring)
Will    .....        (no ring)
Stlth   +++          (no ring)
HPRegen 0.24/turn    (no ring)
MPRegen 0.09/turn    (no ring)
                     (no ring)

%: no passive effects
@: beast-form
A: beast (slay +1), almost no armour, amphibious, 8 rings, camouflage 1,
gelatinous body 1, (nimble swimmer 1), tentacles
a: Begin Untransformation


You were on level 3 of the Dungeon.
You were a hulking beast.
You visited 1 branch of the dungeon, and saw 3 of its levels.

You collected 172 gold pieces.

Inventory:

Missiles
 g - a throwing net
Talismans
 b - a beast talisman
 c - a flux talisman
Scrolls
 d - 3 scrolls of teleportation
 h - a scroll of torment {unknown}
Potions
 a - a potion of lignification
 e - 2 potions of might {unknown}
 f - 2 potions of heal wounds


   Skills:
 * Level 2.0 Fighting
 * Level 2.6 Dodging
 + Level 1.7 Stealth
 * Level 3.6 Unarmed Combat
 + Level 0.8 Spellcasting
 * Level 3.4 Shapeshifting


You had 4 spell levels left.
You didn't know any spells.
Your spell library was empty.

Dungeon Overview and Level Annotations

Branches:
Dungeon (3/15)

Altars:

Shops:
D:3 [

Annotations:
D:3 Grinder


Innate Abilities, Weirdness & Mutations

You are a hulking beast.
Your limbs bulge with bestial killing power. (Slay +1)
You cannot wear most types of armour.
You are amphibious.
You can wear up to eight rings at the same time.
Your skin changes colour to match your surroundings (Stealth+).
Your rubbery body absorbs attacks. (AC +1, EV +1)
((You are camouflaged when in or above water. (Stealth+)))
You have tentacles for arms and can constrict up to eight enemies at once.


Message History

There is an entrance to Yryuz's Antique Armour Shop here.
You enter the deep water.
Found 5 boomerangs.
h - a scroll labelled NELLEL SEOPN You see here 4 stones.
A goblin comes into view. It is wielding a +0 dagger.
A goblin is nearby!
The goblin shouts!
You tentacle-slap the goblin.
You kill the goblin!
You see here a +0 dagger.
You now have 172 gold pieces (gained 3).
Grinder comes into view.
Grinder shouts!
You tentacle-slap Grinder but do no damage.
Your grab misses Grinder. Grinder hits you.
You writhe in agony.
You tentacle-slap Grinder. Your grab misses Grinder. You tentacle-slap Grinder.
Grinder is lightly wounded.
Grinder misses you.
You tentacle-slap Grinder. Your grab misses Grinder.
Grinder is moderately wounded.
Grinder misses you.
You tentacle-slap Grinder but do no damage.
Your grab misses Grinder.
Grinder is moderately wounded.
Grinder closely misses you.
You barely miss Grinder. You grab Grinder.
Your tentacle-slap misses Grinder.
Grinder is moderately wounded.
You constrict Grinder. Grinder hits you.
You writhe in agony.
You tentacle-slap Grinder.
Grinder is moderately wounded.
You constrict Grinder. Grinder hits you.
You writhe in agony.
* * * LOW HITPOINT WARNING * * *
You barely miss Grinder. Your squeeze misses Grinder.
Grinder is moderately wounded.
You constrict Grinder. Grinder hits you.
* * * LOW HITPOINT WARNING * * *
You writhe in agony.
You die...
Grinder says, "Now the real fun starts!"

# #. .# #. ####..# ##
#.5..# ##h#
####..################
#........)............
#..###################
#.# ##


You could see Grinder.

Vanquished Creatures
  3 gnolls (D:2)
  3 adders
  2 dart slugs
  3 orcs (D:2)
  3 bats (D:1)
  2 endoplasms
  A giant cockroach (D:1)
  4 goblins
  3 jackals (D:1)
  A quokka (D:1)
  6 ball pythons
  2 frilled lizards (D:1)
  4 kobolds
  2 rats
39 creatures vanquished.

Notes
Turn   | Place    | Note
-------+----------+-------------------------------------------
     0 | D:1      | timneilson the Octopode Shapeshifter began the quest for
                  | the Orb.
     0 | D:1      | Reached XP level 1. HP: 13/13 MP: 1/1
   100 | D:1      | Reached XP level 2. HP: 14/18 MP: 2/2
   493 | D:2      | Reached skill level 1 in Stealth
   493 | D:2      | Reached XP level 3. HP: 19/23 MP: 3/3
   680 | D:2      | Reached XP level 4. HP: 22/29 MP: 4/4
   767 | D:2      | Found a faded altar of an unknown god.
  1451 | D:3      | Found Yryuz's Antique Armour Shop.
  1503 | D:3      | Noticed Grinder
  1510 | D:3      | Slain by Grinder

Illustrated notes

Levels and vault maps discovered:
D:1:      amcnicky_arrival_single_pillar, layout_rooms
D:2:      layout_loops_ring, nicolae_ecumenical_lake_church
D:3:      layout_rooms, serial_shops, nicolae_shop_tiny_waterfront, uniq_grinder

Skill      XL: |  1  2  3  4 |
---------------+-------------+-----
Stealth        | 1 |  1.7
Fighting       | 2 |  2.0
Dodging        | |  2.6
Unarmed Combat | |  3.6
Spellcasting   | |  0.8
Shapeshifting  | |  3.4

Action                     |  1- 3 |  4- 6 || total
---------------------------+-------+-------++-------
  Melee: Unarmed           |    51 |    36 ||    87
         Constrict         |    12 |    10 ||    22
         Tentacles         |     6 |     8 ||    14
         Punch             |       |     2 ||     2
    Use: Scroll            |     1 |     3 ||     4
         Potion            |       |     2 ||     2
   Stab: Sleeping          |     3 |     2 ||     5
 Armour: Skin              |    32 |    17 ||    49
  Dodge: Dodged            |    39 |    26 ||    65

Table legend: (Time is in decaauts)
 A = Elapsed time spent in this place.
 B = Non-inter-level travel time spent in this place.
 C = Inter-level travel time spent in this place.
 D = Time resting spent in this place.
 E = Time spent auto-exploring this place.
 F = Levels seen in this place.
 G = Mean time per level.
                   A        B        C        D        E       F      G
               +--------+--------+--------+--------+--------+-----+--------+
         Total |   1504 |   1441 |     63 |    170 |    865 |   3 |  501.3 |
       Dungeon |   1504 |   1441 |     63 |    170 |    865 |   3 |  501.3 |
               +--------+--------+--------+--------+--------+-----+--------+

Top non-repeatable levels by time:
     D:2: 899 daAuts
     D:1: 472 daAuts
     D:3: 132 daAuts
